 Dungeon Crawl Stone Soup version 0.28-a0-769-g550dbda0cd (webtiles) character file.

Game seed: 7062760859123586153

156806 frimble the Peltast (level 17, -5/162 HPs)
             Began as a Troll Warper on Nov 1, 2021.
             Was a High Priest of Cheibriados.
             Killed from afar by a deep elf knight (20 damage)
             ... with a lance of force
             ... on level 2 of the Elven Halls.
             The game lasted 00:44:55 (23660 turns).

frimble the Peltast (Troll Warper)                 Turns: 23660, Time: 00:44:55

Health: -5/162     AC: 18    Str: 34    XL:     17   Next: 11%
Magic:  3/31       EV: 23    Int: 25    God:    Cheibriados [*****.]
Gold:   2013       SH: 25    Dex: 23    Spells: 13/21 levels left

rFire   + . .      SeeInvis +     - Unarmed
rCold   + . .      Faith    .   V - +4 tower shield {AC+3}
rNeg    . . .      Spirit   .   g - +0 troll leather armour
rPois   .          Reflect  .   e - +2 hat
rElec   .          Harm     .   T - +2 cloak
rCorr   .          Rampage  .   (gloves unavailable)
Will    +....                   (boots unavailable)
Stlth   ++........              x - amulet of regeneration
HPRegen 3.37/turn               N - ring "Jura" {rF+ rC+ MP+9 EV+4}
MPRegen 0.22/turn               B - ring "Ofeophij" {AC+4 Dex+3 SInv}

@: very slow
A: large, unfitting armour, claws 3, regeneration 1, shaggy fur 1, tough skin 1
a: Renounce Religion, Bend Time, Temporal Distortion, Slouch, Step From Time


You were on level 2 of the Elven Halls.
You worshipped Cheibriados.
Cheibriados was extremely pleased with you.
You visited 4 branches of the dungeon, and saw 26 of its levels.
You also visited: Bailey and Gauntlet.

You collected 2715 gold pieces.
You spent 702 gold pieces at shops.

Inventory:

Missiles
 m - 28 large rocks
 r - a javelin (quivered)
 w - 4 throwing nets
 z - 4 boomerangs of dispersal
 D - 11 boomerangs
Armour
 e - a +2 hat (worn)
 g - a +0 troll leather armour (worn)
 T - a +2 cloak (worn)
 V - a +4 tower shield of protection (worn)
Jewellery
 k - a +4 ring of protection
 q - a ring of flight
 x - an amulet of regeneration (around neck)
 B - the ring "Ofeophij" (right claw) {AC+4 Dex+3 SInv}
   (You bought it in a shop on level 2 of the Orcish Mines)

   [ring of protection]

   AC:        It affects your AC (+4).
   Dex:       It affects your dexterity (+3).
   SInv:      It lets you see invisible.
 E - the ring "Hipacs" {Drain rPois rN+ Int+3}
   (You found it in a Gauntlet)

   [ring of positive energy]

   Int:       It affects your intelligence (+3).
   rPois:     It protects you from poison.
   rN:        It protects you from negative energy.
   Drain:     It drains your maximum health when unequipped.
 K - a ring of protection from cold
 L - a ring of positive energy
 N - the ring "Jura" (left claw) {rF+ rC+ MP+9 EV+4}
   (You took it off a minotaur in a Gauntlet)

   [ring of evasion]

   EV:        It affects your evasion (+4).
   rF:        It protects you from fire.
   rC:        It protects you from cold.
   MP:        It affects your magic capacity (+9).
Wands
 c - a wand of acid (10)
 l - a wand of mindburst (13)
 u - a wand of flame (56)
 v - a wand of charming (30)
 y - a wand of iceblast (14)
 J - a wand of digging (9)
 U - a wand of polymorph (2)
 Y - a wand of paralysis (8)
Scrolls
 b - 5 scrolls of blinking
 s - 6 scrolls of teleportation
 C - 3 scrolls of amnesia
 G - 3 scrolls of fear
 Q - a scroll of holy word
 S - 2 scrolls of identify
 X - a scroll of magic mapping
 Z - a scroll of fog
Potions
 a - 4 potions of mutation
 d - 6 potions of flight
 f - 8 potions of curing
 h - 4 potions of magic
 i - 5 potions of heal wounds
 n - 3 potions of ambrosia
 o - 4 potions of brilliance
 t - 3 potions of attraction
 A - 4 potions of might
 H - 2 potions of resistance
 I - 3 potions of invisibility
 M - a potion of cancellation
 P - 2 potions of haste
 R - 3 potions of lignification
Miscellaneous
 O - a tin of tremorstones (inert)
 W - a phantom mirror (inert)


   Skills:
 - Level 9.0 Fighting
 - Level 8.0 Throwing
 - Level 12.0 Dodging
 - Level 15.7 Shields
 - Level 10.0 Unarmed Combat
 + Level 2.8 Spellcasting
 - Level 4.0 Translocations
 + Level 9.3 Transmutations
 + Level 7.1 Earth Magic
 - Level 8.3 Invocations
 - Level 6.0 Evocations


You had 13 spell levels left.
You knew the following spells:

 Your Spells              Type           Power      Damage    Failure   Level
a - Blink                 Tloc           46%        N/A       3%          2
b - Statue Form           Tmut/Erth      29%        N/A       52%         6

Your spell library contained the following spells:

 Spells                   Type           Power      Damage    Failure   Level
 Gell's Gravitas          Tloc           11%        N/A       7%          3
 Lesser Beckoning         Tloc           23%        N/A       7%          3
 Teleport Other           Tloc           23%        N/A       7%          3
 Blade Hands              Tmut           25%        N/A       7%          5
 Animate Skeleton         Necr           6%         N/A       12%         1
 Pain                     Necr           12%        1d4       12%         1
 Summon Small Mammal      Summ           12%        N/A       12%         1
 Portal Projectile        Hex/Tloc       26%        N/A       16%         3
 Corpse Rot               Necr/Air       6%         N/A       17%         2
 Static Discharge         Conj/Air       3%         N/A       17%         2
 Call Canine Familiar     Summ           3%         N/A       34%         3
 Dazzling Flash           Conj/Hex       6%         N/A       34%         3
 Summon Guardian Golem    Hex/Summ       3%         N/A       34%         3
 Vampiric Draining        Necr           1%         2d6       34%         3
 Alistair's Intoxication  Tmut/Pois      17%        N/A       43%         5
 Iskenderun's Mystic Bla  Conj/Tloc      13%        2d5       45%         4
 Manifold Assault         Tloc           23%        N/A       52%         5
 Borgnjor's Vile Clutch   Necr/Erth      10%        N/A       58%         5
 Animate Dead             Necr           1%         N/A       75%         4
 Dispel Undead            Necr           3%         3d7       75%         4
 Sticky Flame             Conj/Fire      3%         2d3       75%         4
 Summon Ice Beast         Ice/Summ       3%         N/A       75%         4
 Eringya's Noxious Bog    Tmut/Pois      13%        N/A       95%         6
 Excruciating Wounds      Necr           1%         N/A       97%         5
 Iskenderun's Battlesphe  Conj           3%         2d6       97%         5
 Summon Mana Viper        Hex/Summ       3%         N/A       97%         5
 Dispersal                Tloc           11%        N/A       98%         6
 Conjure Ball Lightning   Conj/Air       1%         3x3d6     100%        6
 Death Channel            Necr           1%         N/A       100%        6
 Simulacrum               Ice/Necr       1%         N/A       100%        6
 Starburst                Conj/Fire      1%         6d3       100%        6
 Haunt                    Necr/Summ      1%         N/A       100%        7
 Monstrous Menagerie      Summ           1%         N/A       100%        7
 Summon Hydra             Summ           1%         N/A       100%        7
 Disjunction              Tloc           11%        N/A       100%        8
 Infestation              Necr           1%         N/A       100%        8


Dungeon Overview and Level Annotations

Branches:
Dungeon (15/15)            Temple (0/1) D:6            Lair (6/6) D:9
  Swamp (0/4) Lair:4       Spider (0/4) Lair:2        Slime (0/5) Lair:6
    Orc (2/2) D:11            Elf (3/3) Orc:2        Vaults (0/5) D:14
 Depths (0/4) D:15         Bailey (visited)         Gauntlet (visited)

Altars:
Cheibriados
Hepliaklqana
Kikubaaqudgha
Makhleb
Nemelex Xobeh
Qazlal
Sif Muna
Trog
Uskayaw
Wu Jian
Xom
Yredelemnul
Zin
Beogh

Shops:
D:5 ([:=[   D:6 :   D:10 (   Orc:2 [=*(*   Elf:1 *   Elf:2 (

Annotations:
D:14 Roxanne
Elf:2 2 transporters, 3 runed translucent doors, jasper's ghost, adept DsAr


Innate Abilities, Weirdness & Mutations

You are too large for most types of armour.
You have claws for hands.
Your natural rate of healing is unusually fast.
You are covered in fur. (AC +1)
You have tough skin. (AC +1)


Message History

The deep elf sorcerer gestures wildly while chanting.
The deep elf sorcerer seems to speed up.
There is an escape hatch in the ceiling here.
A mysterious force pulls you upwards. The hatch slams shut behind you.
Level annotation: 2 transporters, 3 runed translucent doors, jasper's ghost, adept DsAr The deep elf knight unwields a +0 short sword.
The deep elf knight wields a +0 shortbow.
The deep elf knight shoots an arrow.
The arrow barely misses you.
The deep elf knight shoots an arrow.
You block the arrow.
The deep elf zephyrmancer shouts!
Unknown command.
Unknown command.
Unknown command.
The +7 antimagic quick blade hits you but does no damage. x2
You block the +7 antimagic quick blade's attack.
The deep elf knight shoots an arrow.
You block the arrow.
The +1 battleaxe of electrocution hits you!!
The +7 antimagic quick blade hits you.
You feel your power leaking away.
The deep elf zephyrmancer casts a spell at you.
The bolt of lightning misses the +1 battleaxe of electrocution.
The bolt of lightning hits you!!
* * * LOW HITPOINT WARNING * * *
You can feel time thicken for a moment.
The +7 antimagic quick blade falls from the air.
Cheibriados thoroughly appreciates the change of pace.
The +2 short sword of venom falls from the air.
Cheibriados thoroughly appreciates the change of pace.
Cheibriados lowers the support of your attributes as your movement quickens.
The +1 battleaxe of electrocution hits you!
* * * LOW HITPOINT WARNING * * *
You have finished your manual of Transmutations and toss it away.
You can feel time thicken for a moment.
The +1 battleaxe of electrocution falls from the air.
Cheibriados thoroughly appreciates the change of pace.
You kill the deep elf zephyrmancer!
Cheibriados appreciates the change of pace.
The deep elf knight points at you and mumbles some strange words.
The lance of force hits you!!
You die...

.. .. ..# ...
..# ...###
..## ..#...#
...##
.#.....#....#
#.......#...#
.......)@#..#
..)....)).#
......e....#
...........#
..........#.#
......^..#..#
#.......#...#
.#.....#....#
.#...# ...##


You could see a deep elf knight.

Vanquished Creatures
  Rupert (D:13)
  Jorgrun (D:15)
  A deep elf blademaster (Elf:3)
  Frances (Elf:1)
  Donald (Orc:2)
  A fire giant (D:15)
  An orc warlord (Orc:2)
  3 deep elf elementalists (Elf:3)
  3 deep elf demonologists
  6 deep elf annihilators
  A minotaur (Gauntlet)
  2 deep elf death magi (Elf:3)
  A deep elf high priest (Elf:3)
  Josephine (D:11)
  5 vault guards (D:14)
  3 boulder beetles (D:13)
  Erolcha (Orc:1)
  7 hydras
  Harold (Orc:1)
  7 centaur warriors
  Erica (Lair:1)
  A merfolk avatar (Lair:6)
  An anaconda (Elf:1)
  11 dancing weapons
  11 two-headed ogres
  4 tengu warriors
  Sonja (Lair:2)
  A soul eater (Gauntlet)
  11 deep elf knights
  A deep troll (shapeshifter) (D:13)
  A sea snake (Lair:6)
  2 skeletal warriors
  2 bog bodies (Lair:4)
  A glowing orange brain (shapeshifter) (D:13)
  22 deep elf archers
  10 orc knights
  A phantasmal warrior (D:13)
  An ugly thing (D:13)
  A wolf spider (D:13)
  29 deep elf pyromancers
  2 lindwurms
  35 deep elf zephyrmancers
  4 orc sorcerers
  8 cyclopes
  2 manticores
  Maurice (D:13)
  4 elephants (Lair:3)
  4 black mambas
  5 gargoyles
  An unseen horror (D:10)
  9 cane toads
  4 rime drakes (Lair:6)
  An ice devil (Gauntlet)
  2 yaktaurs (D:14)
  A kobold demonologist (D:11)
  An efreet (D:15)
  10 komodo dragons
  4 tengu conjurers
  5 trolls
  4 polar bears
  3 jumping spiders (Lair:2)
  A hornet (Lair:6)
  8 slime creatures
  9 blink frogs
  A snapping turtle (shapeshifter) (Gauntlet)
  A raiju (shapeshifter) (D:15)
  6 dream sheep (Lair:6)
  A snapping turtle (Lair:6)
  3 water elementals
  A shadow (D:13)
  A redback (Lair:2)
  3 wyverns
  A vampire (D:11)
  2 air elementals
  7 basilisks
  31 yaks
  6 steam dragons
  4 wraiths
  2 vampire mosquitoes (D:11)
  6 wargs
  4 acid dragons
  10 water moccasins
  46 orc warriors
  2 ice beasts
  2 black bears (D:9)
  A necrophage (D:7)
  20 ogres
  32 wolves
  11 centaurs
  10 bullfrogs
  A kobold brigand (D:9)
  4 scorpions
  2 earth elementals
  A wyvern zombie (D:7)
  A water moccasin zombie (D:6)
  5 killer bees (D:9)
  A howler monkey (D:6)
  2 electric eels
  A crimson imp (D:3)
  A bullfrog zombie (D:5)
  8 centaur zombies
  2 hounds
  A jelly (Lair:6)
  A gnoll shaman (D:7)
  19 orc priests
  Natasha (thrice) (D:2)
  A bullfrog skeleton (D:4)
  2 iguanas
  A scorpion zombie (D:5)
  25 orc wizards
  2 killer bee zombies (D:7)
  A hound skeleton (D:4)
  A howler monkey zombie (D:8)
  4 adders
  3 gnolls (D:7)
  5 shadow imps
  4 white imps (Gauntlet)
  2 worms
  A dart slug (D:3)
  87 orcs
  4 ball pythons
  4 endoplasms
  7 giant cockroaches
  7 goblins
  10 hobgoblins
  11 kobolds
  3 quokkas (D:1)
  15 bats
  5 frilled lizards
  7 rats
  A fungus (Orc:2)
769 creatures vanquished.

Vanquished Creatures (collateral kills)
  A deep elf blademaster (Elf:3)
  A death knight (D:14)
  A cane toad (Lair:1)
  A bullfrog (Lair:1)
4 creatures vanquished.

Vanquished Creatures (others)
  A centaur warrior (D:14)
  2 deep elf knights
  A freezing wraith (D:14)
  An orc warrior (Orc:2)
  An orc priest (D:15)
  14 demonic plants (Gauntlet)
  28 fungi
  35 plants
83 creatures vanquished.

Grand Total: 856 creatures vanquished

Notes
Turn   | Place    | Note
-------+----------+-------------------------------------------
     0 | D:1      | frimble the Troll Warper began the quest for the Orb.
     0 | D:1      | Reached XP level 1. HP: 19/19 MP: 1/1
    39 | D:1      | Reached skill level 1 in Throwing
   209 | D:1      | Reached XP level 2. HP: 28/28 MP: 3/3
   886 | D:2      | Noticed Natasha
   888 | D:2      | Reached XP level 3. HP: 35/35 MP: 4/4
   897 | D:2      | Killed Natasha
  1038 | D:2      | Reached XP level 4. HP: 42/42 MP: 5/5
  1089 | D:2      | Noticed Natasha
  1097 | D:2      | Killed Natasha
  1103 | D:2      | Noticed Natasha
  1122 | D:2      | Killed Natasha
  1395 | D:3      | Reached XP level 5. HP: 49/49 MP: 6/6
  1694 | D:3      | Found a shimmering altar of Xom.
  1694 | D:3      | Found a burning altar of Makhleb.
  2092 | D:3      | Found a faded altar of an unknown god.
  2231 | D:4      | Learned a level 2 spell: Blink
  2269 | D:4      | Reached XP level 6. HP: 23/59 MP: 7/7
  2845 | D:5      | Entered Level 5 of the Dungeon
  2888 | D:5      | Noticed an ice beast
  2896 | D:5      | Killed an ice beast
  2910 | D:5      | Found Cifonn's Weapon Shop.
  2986 | D:5      | Found Pamufaps's Antique Armour Shop.
  3021 | D:5      | Found Ecegief's Book Shop.
  3090 | D:5      | Reached skill level 1 in Shields
  3175 | D:5      | Found Cahilin's Jewellery Boutique.
  3252 | D:5      | Found Fof Lie's Armour Boutique.
  3274 | D:5      | Reached XP level 7. HP: 63/67 MP: 8/8
  3829 | D:6      | Found Ustaac's Book Shop.
  3895 | D:6      | Found a staircase to the Ecumenical Temple.
  4007 | D:7      | Reached skill level 2 in Shields
  4041 | D:7      | Reached XP level 8. HP: 68/78 MP: 9/9
  4157 | D:7      | Reached skill level 5 in Unarmed Combat
  4278 | D:7      | Reached skill level 3 in Shields
  4853 | D:8      | Reached XP level 9. HP: 87/87 MP: 10/10
  4947 | D:8      | Reached skill level 5 in Fighting
  4947 | D:8      | Reached skill level 5 in Dodging
  4947 | D:8      | Noticed a gargoyle
  4961 | D:8      | Killed a gargoyle
  4962 | D:8      | Reached skill level 4 in Shields
  5033 | D:8      | Found a basalt altar of Yredelemnul.
  5144 | D:8      | Found a hazy altar of Hepliaklqana.
  5887 | D:9      | Reached skill level 5 in Shields
  5895 | D:9      | Reached XP level 10. HP: 98/98 MP: 11/11
  6216 | D:9      | Found an ornate altar of the Wu Jian Council.
  6231 | D:9      | Found a shimmering blue altar of Sif Muna.
  6248 | D:9      | Found a snail-covered altar of Cheibriados.
  6248 | D:9      | Found a hide-covered altar of Uskayaw.
  6248 | D:9      | Found a sparkling altar of Nemelex Xobeh.
  6248 | D:9      | Found an ancient bone altar of Kikubaaqudgha.
  6256 | D:9      | Found a stormy altar of Qazlal.
  6261 | D:9      | Found a glowing silver altar of Zin.
  6402 | D:9      | Found a staircase to the Lair.
  6576 | D:10     | Entered Level 10 of the Dungeon
  6722 | D:10     | Found Yduesm's Weapon Shop.
  6868 | D:10     | Reached skill level 6 in Shields
  7431 | D:9      | Became a worshipper of Cheibriados the Contemplative
  7456 | Lair:1   | Entered Level 1 of the Lair of Beasts
  7458 | Lair:1   | Noticed a cane toad
  7459 | Lair:1   | Noticed a seven-headed hydra
  7583 | D:11     | Noticed a cyclops
  7600 | D:11     | Killed a cyclops
  7644 | D:11     | Noticed Josephine
  7647 | D:11     | Noticed a two-headed ogre
  7656 | D:11     | Killed Josephine
  7657 | D:11     | Reached XP level 11. HP: 95/109 MP: 12/12
  7661 | D:11     | Killed a two-headed ogre
  7669 | D:11     | Noticed a seven-headed hydra
  7692 | D:11     | Killed a seven-headed hydra
  7699 | D:11     | Noticed a two-headed ogre
  7711 | D:11     | Killed a two-headed ogre
  7800 | D:11     | Reached * piety under Cheibriados
  7805 | D:11     | Reached skill level 7 in Shields
  7928 | D:11     | Noticed a two-headed ogre
  7933 | D:11     | Killed a two-headed ogre
  7967 | D:11     | Reached skill level 10 in Dodging
  8425 | D:11     | Reached ** piety under Cheibriados
  8434 | D:11     | Found a staircase to the Orcish Mines.
  8667 | D:12     | Found Nyrghost's Assorted Antiques.
  9097 | D:12     | Noticed an orc sorcerer
  9098 | D:12     | Paralysed by an orc sorcerer for 4 turns
  9101 | D:12     | Noticed an orc sorcerer
  9122 | D:12     | Noticed a sixfirhy
  9260 | Lair:1   | Killed a seven-headed hydra
  9261 | Lair:1   | Reached XP level 12. HP: 111/122 MP: 11/13
  9357 | Lair:1   | Reached skill level 10 in Unarmed Combat
  9440 | Lair:1   | Noticed Erica
  9452 | Lair:1   | Killed Erica
  9658 | Lair:1   | Reached skill level 8 in Shields
 10054 | Lair:2   | Noticed Sonja
 10061 | Lair:2   | Killed Sonja
 10084 | Lair:2   | Found a hole to the Spider Nest.
 10117 | Lair:2   | Reached *** piety under Cheibriados
 10414 | Lair:2   | Reached skill level 5 in Throwing
 10414 | Lair:2   | Reached skill level 1 in Invocations
 10431 | Lair:2   | Reached skill level 1 in Evocations
 11744 | Lair:3   | Reached **** piety under Cheibriados
 12335 | Lair:4   | Found a staircase to the Swamp.
 12347 | Lair:4   | Reached XP level 13. HP: 131/131 MP: 14/14
 12361 | Lair:4   | Reached ***** piety under Cheibriados
 13671 | Lair:6   | Entered Level 6 of the Lair of Beasts
 13690 | Lair:5   | Reached skill level 9 in Shields
 14080 | Lair:6   | Reached skill level 5 in Invocations
 14154 | Lair:6   | Reached ****** piety under Cheibriados
 14292 | Lair:6   | Found a staircase to the Slime Pits.
 15064 | D:12     | Got Sif Muna's Volume of Shifting Confrontation
 15514 | D:12     | Got The Second Course in Magic
 15644 | D:13     | Reached skill level 10 in Shields
 15667 | D:13     | Reached XP level 14. HP: 114/140 MP: 17/17
 15679 | D:13     | Reached skill level 5 in Evocations
 15723 | D:13     | Noticed Rupert
 15740 | D:13     | Killed Rupert
 15870 | D:13     | Got the Reference Book on Supportive Earth
 15889 | D:13     | Noticed Maurice
 15912 | D:13     | Killed Maurice
 16127 | D:13     | Reached skill level 11 in Shields
 16827 | D:14     | Found a flagged portal.
 16857 | Bailey   | Entered a bailey
 16972 | Bailey   | Acquired a +1 tower shield of protection
 17034 | Bailey   | Acquired a manual of Transmutations
 17065 | Bailey   | Learned a level 6 spell: Statue Form
 17087 | D:14     | Identified Roxanne's Almanac of Moulding
 17087 | D:14     | Noticed Roxanne
 17196 | D:14     | Reached skill level 1 in Transmutations
 17254 | D:14     | Reached skill level 12 in Shields
 17327 | D:14     | Found a gate to the Vaults.
 17684 | D:14     | Found a stormy altar of Qazlal.
 17828 | D:15     | Entered Level 15 of the Dungeon
 17855 | D:15     | Noticed Jorgrun
 17872 | D:15     | Killed Jorgrun
 18066 | D:15     | Reached XP level 15. HP: 134/146 MP: 18/18
 18118 | D:15     | Reached skill level 13 in Shields
 18375 | D:15     | Found a staircase to the Depths.
 18375 | D:15     | Noticed a fire giant
 18386 | D:15     | Killed a fire giant
 18605 | Orc:1    | Entered Level 1 of the Orcish Mines
 18960 | Orc:1    | Noticed Harold
 18969 | Orc:1    | Killed Harold
 19395 | Orc:1    | Noticed Erolcha
 19420 | Orc:1    | Reached skill level 14 in Shields
 19425 | Orc:1    | Killed Erolcha
 19546 | Orc:2    | Entered Level 2 of the Orcish Mines
 19546 | Orc:2    | Noticed an orc warlord
 19546 | Orc:2    | Found Luvvioh's Jewellery Boutique.
 19550 | Orc:2    | Killed an orc warlord
 19618 | Orc:2    | Bought the ring "Ofeophij" {AC+4 Dex+3 SInv} for 642 gold
                  | pieces
 19633 | Orc:2    | Found Inaepiv's Antique Weapon Emporium.
 19681 | Orc:2    | Noticed Donald
 19703 | Orc:2    | Killed Donald
 19720 | Orc:2    | Found Jariuxt's General Store.
 19728 | Orc:2    | Bought a potion of heal wounds for 60 gold pieces
 19728 | Orc:2    | Found a gate leading to a gauntlet.
 19737 | Gauntlet | Entered a Gauntlet
 19737 | Gauntlet | Found a transporter.
 19737 | Gauntlet | Found a transporter.
 19737 | Gauntlet | Found a transporter.
 19742 | Gauntlet | Found a transporter.
 19745 | Gauntlet | Found a transporter.
 19756 | Gauntlet | Found a transporter.
 19762 | Gauntlet | Found a transporter.
 19764 | Gauntlet | Found a transporter.
 19779 | Gauntlet | Found a transporter.
 19798 | Gauntlet | Found a transporter.
 19823 | Gauntlet | Found a transporter.
 19894 | Gauntlet | Found a transporter.
 19969 | Gauntlet | Identified the ring "Hipacs" {Drain rPois rN+ Int+3}
 20070 | Gauntlet | Identified the ring "Jura" {rF+ rC+ MP+9 EV+4}
 20100 | Gauntlet | Identified the +2 ring mail "Carousaf" {Regen+}
 20112 | Gauntlet | Identified the +2 flail of Gohuiptakk {protect, *Corrode
                  | rN+ Will+++ MP+9}
 20250 | Orc:2    | Found a staircase to the Elven Halls.
 20282 | Orc:2    | Found Hittuvon's Antique Armour Shop.
 20403 | Orc:2    | Found Zothuo's CLEARANCE SALE!.
 20616 | Elf:1    | Entered Level 1 of the Elven Halls
 20719 | Elf:1    | Reached skill level 15 in Shields
 20730 | Elf:1    | Noticed Frances
 20739 | Elf:1    | Killed Frances
 20764 | Elf:1    | Reached XP level 16. HP: 45/156 MP: 20/20
 20879 | Elf:1    | Found Guce's Assorted Antiques.
 21576 | Elf:1    | Reached skill level 1 in Earth Magic
 21713 | Elf:2    | Found Dietiuf's Antique Weapon Boutique.
 21843 | Elf:2    | Found a transporter.
 21845 | Elf:2    | Found a bloodstained altar of Trog.
 21880 | Elf:2    | Noticed a Tzitzimitl
 21966 | Elf:2    | Reached skill level 5 in Transmutations
 21967 | Elf:2    | Found a transporter.
 21967 | Elf:2    | Noticed a deep elf blademaster
 21968 | Elf:2    | Noticed a deep elf blademaster
 21969 | Elf:2    | Noticed a deep elf blademaster
 21976 | Elf:2    | Noticed a deep elf blademaster
 21984 | Elf:2    | Noticed a deep elf blademaster
 21986 | Elf:2    | Noticed jasper's ghost (adept DsAr)
 22043 | Elf:2    | Paralysed by an air elemental for 1 turns
 22225 | Elf:2    | Found a runed translucent gate.
 22225 | Elf:2    | Found a runed translucent gate.
 22225 | Elf:2    | Found a runed translucent gate.
 22555 | Elf:3    | Entered Level 3 of the Elven Halls
 22702 | Elf:3    | Reached skill level 5 in Earth Magic
 23313 | Elf:3    | Paralysed by an air elemental for 1 turns
 23318 | Elf:3    | Paralysed by an air elemental for 1 turns
 23592 | Elf:3    | Noticed a deep elf blademaster
 23595 | Elf:3    | Noticed a deep elf blademaster
 23597 | Elf:3    | Killed a deep elf blademaster
 23602 | Elf:3    | Noticed a Hell Sentinel
 23616 | Elf:3    | Killed a deep elf blademaster
 23617 | Elf:3    | Reached XP level 17. HP: 99/162 MP: 20/22
 23626 | Elf:3    | Noticed an Ice Fiend
 23660 | Elf:2    | Killed from afar by a deep elf knight

Illustrated notes

Levels and vault maps discovered:
D:1:      kennysheep_arrival_seaside, layout_basic
D:2:      layout_rooms, uniq_natasha
D:3:      layout_basic, grunt_temple_overflow_champion_of_chaos,
          shapermc_ecumenical_altar_hornbeckon, grunt_ministairs_1,
          roderic_batcave, kennysheep_big_empty_room
D:4:      layout_basic
D:5:      layout_loops_cross, serial_shops, kennysheep_little_box, shop, shop,
          shop, nicolae_inconvenience_store
D:6:      layout_gridville, minmay_temple_entry_junction, serial_shops, shop
D:7:      layout_rooms, hangedman_decor_diamond_cutter, minmay_misc_feat_room
D:8:      layout_basic, mainiacjoe_overflow_small_starburst, lemuel_doored_altar
D:9:      layout_rooms, minmay_overflow_temple_hex, mainiacjoe_overflow_swirl,
          grunt_lair_entry_orc_guard_hut, dk_rats_in_the_wall
D:10:     statuecave_lemuel, layout_irregular_city, serial_shops,
          nicolae_shop_crystal
D:11:     layout_cave_pods, erik_orc_2, uniq_josephine
D:12:     cheibrodos_wizards_tower, layout_irregular_city, serial_shops,
          shop_fountains, minivault_21, corner_web_ring, minivault_25_ag,
          nrook_uturn, minmay_increasing_density
D:13:     minmay_the_grid_4x2 [minmay_the_grid_stretched_grid,
          minmay_the_grid_eight, minmay_the_grid_slots,
          minmay_the_grid_spin_star, minmay_the_grid_outer_diamond,
          minmay_the_grid_plusring, minmay_the_grid_gridbox,
          minmay_the_grid_prize_diamond_cup], layout_basic, minivault_5,
          uniq_maurice, uniq_rupert
D:14:     layout_roguey, grunt_vaults_entry_fortified, enter_bailey_2,
          nicolae_qazlal_eye_of_the_storm, uniq_roxanne
D:15:     grunt_enter_depths_giant_problem, layout_rooms, uniq_jorgrun
Lair:1:   layout_gridlike, lemuel_fruit_fields, uniq_erica
Lair:2:   layout_cave_pods, spider_nest_entry_a, uniq_sonja
Lair:3:   layout_gridlike
Lair:4:   layout_cave_pods, skrybe_swamp_entry_bodies, grunt_megastairs_2
Lair:5:   layout_regular_city, fungi_pond_lemuel
Lair:6:   gammafunk_lair_ancient_temple, layout_gridlike,
          minmay_slime_entry_pillars, cheibrodos_lair_lostbears
Orc:1:    lemuel_ogre_cave, layout_diamond_mine, uniq_harold
Orc:2:    grunt_orc_gardens, layout_caves, grunt_orc_garden, grunt_orc_garden,
          grunt_orc_garden, grunt_orc_garden, basic_altar,
          gauntlet_entry_generic, nicolae_shop_clearance, uniq_donald
Elf:1:    elf_arrival_002, layout_loops_cross, serial_shops,
          nicolae_shop_behind_doors, hangedman_elf_represent, uniq_frances
Elf:2:    nicolae_elf_blades_splatter_lattice [nicolae_blade_little_rooms],
          layout_geoelf_diagonals, serial_shops, shop_fountains,
          gammafunk_ghost_wrathful_warriors
Elf:3:    elf_hall, layout_onion_city, serial_sigils_hangedman_stare,
          dk_noncrumbling_4

Skill      XL: |  1  2  3  4  5  6  7  8  9 10 11 12 13 14 15 16 17 |
---------------+----------------------------------------------------+-----
Throwing       | 1 2 3 4 6 7 8 |  8.0
Dodging        | 2 4 6 8 10 11 12 | 12.0
Fighting       | 2 3 4 5 7 8 9 |  9.0
Unarmed Combat | 3 4 5 7 8 9 10 | 10.0
Translocations | 3 4 |  4.0
Shields        | 1 2 3 5 6 7 8 10 12 15 | 15.7
Invocations    | 3 5 6 7 8 |  8.3
Evocations     | 2 4 6 |  6.0
Transmutations | 3 8 9 |  9.3
Earth Magic    | 6 7 |  7.1
Spellcasting   | 2 |  2.8

Action                   |  1- 3 |  4- 6 |  7- 9 | 10-12 | 13-15 | 16-18 || total
-------------------------+-------+-------+-------+-------+-------+-------++-------
Melee: Unarmed           |   108 |   220 |   246 |   667 |  1114 |   402 ||  2757
       Punch             |       |     1 |     8 |    31 |    42 |       ||    82
Throw: Javelin           |       |       |    11 |    18 |    14 |    35 ||    78
       Boomerang         |       |       |       |    55 |   118 |       ||   173
       Large rock        |       |       |       |     3 |    12 |     4 ||    19
 Cast: Blink             |       |       |       |     9 |     9 |       ||    18
Invok: Slouch            |       |       |       |       |    10 |     9 ||    19
Evoke: Wand              |       |       |       |    10 |    28 |    14 ||    52
       Tin of tremorston |       |       |       |       |     4 |     3 ||     7
       Phantom mirror    |       |       |       |       |       |     1 ||     1
  Use: Scroll            |     1 |     7 |     8 |     7 |    15 |     3 ||    41
       Potion            |       |       |       |     2 |     6 |       ||     8
 Stab: Sleeping          |     1 |       |       |     1 |     5 |     4 ||    11
       Distracted        |       |     1 |       |       |       |       ||     1
       Invisible         |       |       |       |       |     3 |       ||     3
Armor: Robe              |    28 |   114 |    66 |       |       |       ||   208
       Steam dragon scal |       |       |    66 |   380 |   185 |       ||   631
       Skin              |       |       |       |   100 |       |       ||   100
       Troll leather arm |       |       |       |       |   118 |    49 ||   167
Dodge: Dodged            |    60 |   136 |   118 |   471 |   841 |   189 ||  1815
Block: Tower shield      |       |       |       |       |   924 |   495 ||  1419

Table legend: (Time is in decaauts)
 A = Elapsed time spent in this place.
 B = Non-inter-level travel time spent in this place.
 C = Inter-level travel time spent in this place.
 D = Time resting spent in this place.
 E = Time spent auto-exploring this place.
 F = Levels seen in this place.
 G = Mean time per level.
                   A        B        C        D        E       F      G
               +--------+--------+--------+--------+--------+-----+--------+
         Total |  34167 |  31449 |   2718 |      0 |  24132 |  28 | 1220.2 |
       Dungeon |  15987 |  14463 |   1524 |      0 |  11143 |  15 | 1065.8 |
          Lair |   8982 |   8580 |    402 |      0 |   7392 |   6 | 1497.0 |
  Orcish Mines |   2830 |   2460 |    370 |      0 |   1739 |   2 | 1415.0 |
   Elven Halls |   5407 |   4986 |    421 |      0 |   3431 |   3 | 1802.3 |
        Bailey |    302 |    302 |      0 |      0 |     73 |   1 |  302.0 |
      Gauntlet |    656 |    656 |      0 |      0 |    353 |   1 |  656.0 |
               +--------+--------+--------+--------+--------+-----+--------+

Top non-repeatable levels by time:
    D:13: 2278 daAuts
   Elf:1: 1926 daAuts
  Lair:4: 1820 daAuts
   Elf:2: 1782 daAuts
  Lair:6: 1761 daAuts
   Elf:3: 1697 daAuts
    D:11: 1669 daAuts
  Lair:2: 1664 daAuts
    D:12: 1626 daAuts
   Orc:1: 1622 daAuts
    D:14: 1507 daAuts
  Lair:3: 1399 daAuts
     D:8: 1241 daAuts
  Lair:5: 1210 daAuts
   Orc:2: 1208 daAuts
